 Dungeon Crawl Stone Soup version 0.30-a0-719-gcc4359ea44 (webtiles) character file.

Game seed: 10207417215794274365

50 Chiseanne the Magician (level 3, 17/24 HPs)
             Began as a Demonspawn Hedge Wizard on Jan 26, 2023.
             Quit the game on level 4 of the Dungeon.
             The game lasted 00:03:04 (1779 turns).

Chiseanne the Magician (Demonspawn Hedge Wizard)    Turns: 1779, Time: 00:03:04

Health: 17/24      AC:  2    Str: 10    XL:     3   Next: 55%
Magic:  0/8        EV: 14    Int: 17    God:
Gold:   92         SH:  0    Dex: 12    Spells: 6/9 levels left

rFire   . . .      SeeInvis .    a - +0 dagger
rCold   . . .      Faith    .    (no shield)
rNeg    . . .      Spirit   .    b - +0 robe
rPois   .          Reflect  .    c - +0 hat
rElec   .          Harm     .    k - scarf {repulsion}
rCorr   .          Rampage  .    (no gloves)
Will    .....                    (no boots)
Stlth   ++                       (no amulet)
HPRegen 0.24/turn                (no ring)
MPRegen 0.11/turn                (no ring)

@: repel missiles
A: repulsion field 1
a: no special abilities


You were on level 4 of the Dungeon.
You visited 1 branch of the dungeon, and saw 3 of its levels.

You collected 92 gold pieces.

Inventory:

Hand Weapons
 a - a +0 dagger (weapon)
 l - a +0 quarterstaff
Missiles
 e - 15 stones
 h - 5 curare-tipped darts (quivered)
Armour
 b - a +0 robe (worn)
 c - a +0 hat (worn)
 k - a scarf of repulsion (worn)
Potions
 d - 3 potions of magic
 f - a potion of flight
 i - a potion of brilliance {unknown}
 j - a potion of lignification {unknown}


   Skills:
 - Level 1.7 Dodging
 - Level 1.7 Stealth
 * Level 3.7 Spellcasting
 * Level 2.5 Conjurations
 - Level 1.0 Summonings
 - Level 0.8 Translocations


You had 6 spell levels left.
You knew the following spells:

 Your Spells              Type           Power      Damage    Failure   Level
a - Magic Dart            Conj           44%        1d5       6%          1
b - Blink                 Tloc           12%        N/A       17%         2

Your spell library contained the following spells:

 Spells                   Type           Power      Damage    Failure   Level
 Slow                     Hex            12%        N/A       16%         1
 Call Imp                 Summ           6%         N/A       16%         2
 Cigotuvi's Dreadful Rot  Necr/Pois/Air  6%         N/A       24%         2
 Gell's Gravitas          Tloc           6%         N/A       34%         3
 Mephitic Cloud           Conj/Pois/Air  6%         N/A       34%         3
 Teleport Other           Tloc           6%         N/A       34%         3
 Dispersal                Tloc           3%         N/A       100%        6


Dungeon Overview and Level Annotations

Branches:
Dungeon (2/15)

Altars:


Innate Abilities, Weirdness & Mutations

You are surrounded by a mild repulsion field. (EV +2)


Message History

Aiming: Magic Dart (safe; 6% risk of failure)
Press: ? - help, Shift-Dir - straight line, f - adder
Aim: an adder (100% to hit)
The magic dart hits the adder.
The adder is lightly wounded.
The adder barely misses you.
Casting: Magic Dart (safe; 6% risk of failure)
Confirm with . or Enter, or press ? or * to list all spells.
Aiming: Magic Dart (safe; 6% risk of failure)
Press: ? - help, Shift-Dir - straight line, f/p - adder
Aim: an adder (lightly wounded, 100% to hit)
The magic dart hits the adder.
The adder is lightly wounded.
The adder misses you. The adder bites you but does no damage.
Casting: Magic Dart (safe; 6% risk of failure)
Confirm with . or Enter, or press ? or * to list all spells.
You don't have enough magic to cast this spell.
Casting: Magic Dart (safe; 6% risk of failure)
Confirm with . or Enter, or press ? or * to list all spells.
You don't have enough magic to cast this spell.
Casting: Magic Dart (safe; 6% risk of failure)
Confirm with . or Enter, or press ? or * to list all spells.
You don't have enough magic to cast this spell.
Casting: Magic Dart (safe; 6% risk of failure)
Confirm with . or Enter, or press ? or * to list all spells.
You don't have enough magic to cast this spell.
You closely miss the adder.
The adder is lightly wounded.
The adder misses you.
You barely miss the adder.
The adder is lightly wounded.
The adder misses you.
You closely miss the adder.
The adder is lightly wounded.
The adder closely misses you. The adder barely misses you.
You hit the adder but do no damage.
The adder is lightly wounded.
The goblin barely misses you. The adder misses you.
Okay, then.
Are you sure you want to abandon this character and quit the game? (Confirm with "yes".)

....... ≈#≈ ≈ ..#
....... ≈≈≈ ≈≈##..#
.........$.. ≈≈≈#≈≈#...#
..)........
.###≈≈##~...#
...........
...##~~.....#
...........
............#
##g...o.....#
............####@S......
o.#
.h....h.....##..........
#.#
..........##...#########
#>## .....#####...###
#..### ....# #...###
##.#.## ##.......###
#.#..## ###..... #.....#
..... ##.o... .....
#...o.


You could see an orc priest, an adder and a goblin.

Vanquished Creatures
  An adder (D:2)
  A worm (D:2)
  A dart slug (D:1)
  An orc (D:4)
  3 ball pythons (D:1)
  5 bats
  2 endoplasms (D:2)
  4 giant cockroaches
  3 hobgoblins (D:1)
  A quokka (D:1)
  2 frilled lizards (D:1)
  A goblin (D:1)
  7 kobolds
  2 rats (D:1)
34 creatures vanquished.

Notes
Turn   | Place    | Note
-------+----------+-------------------------------------------
     0 | D:1      | Chiseanne the Demonspawn Hedge Wizard began the quest for
                  | the Orb.
     0 | D:1      | Reached XP level 1. HP: 13/13 MP: 4/4
   464 | D:1      | Gained mutation: You are surrounded by a mild repulsion
                  | field. (EV +2) [demonic ancestry]
   464 | D:1      | Reached XP level 2. HP: 19/19 MP: 1/6
  1299 | D:1      | Learned a level 2 spell: Blink
  1328 | D:2      | Reached XP level 3. HP: 24/24 MP: 4/8
  1713 | D:2      | You fall into a shaft and drop 2 floors!
  1779 | D:4      | Quit the game

Illustrated notes

Levels and vault maps discovered:
D:1:      ncdulo_lavacross, layout_loops_ring, minmay_indecisive_spiral
D:2:      layout_rooms, basic_altar, dk_noncrumbling_3
D:4:      layout_cave_pods, lemuel_crystal_altar, hangedman_ru_absence,
          minmay_door_square, chequers_serial_rivers_micro_b,
          roderic_roman_lattice, minivault_4

Skill      XL: |  1  2 |
---------------+-------+-----
Conjurations   | 2 |  2.5
Dodging        | |  1.7
Stealth        | |  1.7
Spellcasting   | |  3.7
Summonings     | |  1.0
Translocations | |  0.8

Action                     || total
---------------------------++-------
  Melee: Dagger            ||    54
  Throw: Dart              ||     3
   Cast: Magic Dart        ||    92
    Use: Scroll            ||     5
 Armour: Robe              ||    15
  Dodge: Dodged            ||    56

Table legend: (Time is in decaauts)
 A = Elapsed time spent in this place.
 B = Non-inter-level travel time spent in this place.
 C = Inter-level travel time spent in this place.
 D = Time resting spent in this place.
 E = Time spent auto-exploring this place.
 F = Levels seen in this place.
 G = Mean time per level.
                   A        B        C        D        E       F      G
               +--------+--------+--------+--------+--------+-----+--------+
         Total |   1778 |   1749 |     29 |    297 |   1177 |   3 |  592.7 |
       Dungeon |   1778 |   1749 |     29 |    297 |   1177 |   3 |  592.7 |
               +--------+--------+--------+--------+--------+-----+--------+

Top non-repeatable levels by time:
     D:1: 1310 daAuts
     D:2: 402 daAuts
     D:4: 65 daAuts
